 Dungeon Crawl Stone Soup version 0.29.0-4-gdea44cf6ec (webtiles) character file.

Game seed: 9306603410405569402

2734 qw the Cleaver (level 9, -1/78 HPs)
             Began as a Minotaur Fighter on Sept 6, 2022.
             Was a Follower of Ru.
             Slain by a death yak (5 damage)
             ... on level 8 of the Dungeon.
             The game lasted 00:03:00 (8094 turns).

qw the Cleaver (Minotaur Fighter)                   Turns: 8094, Time: 00:03:00

Health: -1/78      AC: 13    Str: 23 (24) XL:     9   Next: 40%
Magic:  0/8        EV:  3    Int:  2 (5)  God:    Ru [*.....]
Gold:   400        SH: 15    Dex:  9 (11) Spells: 8/8 levels left

rFire   . . .      SeeInvis .   Y - +3 war axe (vorpal)
rCold   . . .      Faith    .   j - +2 tower shield
rNeg    + + .      Spirit   +   n - +0 plate armour
rPois   .          Reflect  .   (helmet restricted)
rElec   .          Harm     .   g - +0 cloak
rCorr   .          Rampage  .   (no gloves)
Will    .....                   (no boots)
Stlth   ..........              e - amulet of guardian spirit
HPRegen 0.23/turn               h - ring of positive energy
MPRegen 0.11/turn               q - ring of positive energy

@: about to teleport
A: horns 2, inability to train dodging, retaliatory headbutt
a: Renounce Religion


You were on level 8 of the Dungeon.
You worshipped Ru.
Ru was aware of your devotion.
You visited 2 branches of the dungeon, and saw 9 of its levels.

You collected 400 gold pieces.


Innate Abilities, Weirdness & Mutations

You have a pair of horns on your head.
You cannot train Dodging skill.
You reflexively headbutt those who attack you in melee.


   Skills:
 - Level 6.4 Fighting
 - Level 12.0 Axes
 - Level 1.0 Throwing
 - Level 5.1 Armour
 + Level 7.7 Shields


You had 8 spell levels left.
You didn't know any spells.
Your spell library was empty.

Inventory:

Hand Weapons
 l - a +0 flail
 Y - a +3 vorpal war axe (weapon)
Missiles
 k - 2 boomerangs (quivered)
Armour
 g - a +0 cloak (worn)
 j - a +2 tower shield (worn)
 n - a +0 plate armour (worn)
Jewellery
 e - an amulet of guardian spirit (around neck)
 h - a ring of positive energy (left hand)
 m - a ring of ice
 q - a ring of positive energy (right hand)
Scrolls
 b - 4 scrolls of teleportation
 i - a scroll of identify
Potions
 a - a potion of ambrosia {unknown}
 d - a potion of might
 p - 4 potions of curing

Dungeon Overview and Level Annotations

Branches:
Dungeon (8/15)             Temple (1/1) D:6
   Lair: D:8-11

Altars:
Ashenzari
Cheibriados
Dithmenos
Elyvilon
Fedhas
Gozag
Kikubaaqudgha
Makhleb
Nemelex Xobeh
Qazlal
Ru
Sif Muna
Trog
Uskayaw
Vehumet
Wu Jian
Xom
Yredelemnul
Zin
The Shining One

Annotations:
D:2 1 runed translucent door, Crazy Yiuf


Message History

The death yak is lightly wounded.
The death yak gores you!
You slash the death yak!
You headbutt the death yak, but do no damage.
The death yak is moderately wounded.
The orc priest looks encouraged for a moment.
The death yak gores you.
The death yak snorts and paws the ground.
You barely miss the death yak. You headbutt the death yak.
The death yak is moderately wounded.
You block the death yak's attack. The death yak gores you!
You hit the death yak but do no damage. You headbutt the death yak!
The death yak is heavily wounded.
The death yak gores you but does no damage.
You barely miss the death yak.
You headbutt the death yak, but do no damage.
The death yak is heavily wounded.
You block the death yak's attack.
You hit the death yak.
The death yak is heavily wounded.
The death yak gores you but does no damage.
You hit the death yak.
You headbutt the death yak, but do no damage.
The death yak is heavily wounded.
You block the death yak's attack.
You hit the death yak.
The death yak is severely wounded.
The death yak gores you! You block the death yak's attack.
8092 ||| READING 5 scrolls of teleportation.
As you read the scroll of teleportation, it crumbles to dust.
You feel strangely unstable. You block the death yak's attack.
8093 ||| DRINKING potion of heal wounds.
You feel much better.
The orc priest invokes the aid of Beogh against you.
Beogh smites you! The death yak gores you!!
You slash the death yak!
The death yak is severely wounded.
The death yak gores you.
You die...

..... #.....
..... ####...#
#......# ##.
#......#
...oK####......#
#YYY@'.<....#
#oY####....###
... #....# #
#....# ######


You could see 4 death yaks, an orc priest, an orc and a kobold.

Vanquished Creatures
  A death yak (D:8)
  Eustachio (D:6)
  A water moccasin (D:7)
  2 ogres
  2 centaurs
  2 phantoms (D:4)
  2 bullfrogs
  4 necrophages
  3 howler monkeys
  2 hounds
  2 jellies
  2 orc priests (D:4)
  Jessica (D:2)
  6 iguanas
  6 orc wizards
  A scorpion zombie (D:4)
  Natasha (thrice) (D:3)
  2 hound zombies (D:4)
  A hound skeleton (D:4)
  A howler monkey zombie (D:4)
  Robin (D:2)
  10 adders
  4 river rats (D:5)
  A shadow imp (D:5)
  2 white imps (D:6)
  An adder zombie (D:4)
  2 adder skeletons (D:4)
  A worm (D:2)
  3 dart slugs
  15 orcs
  5 bats
  9 endoplasms
  4 giant cockroaches
  13 goblins
  7 hobgoblins
  8 jackals (D:1)
  8 quokkas
  14 ball pythons
  3 frilled lizards
  5 kobolds
  A quokka zombie (D:4)
  5 rats
167 creatures vanquished.

Vanquished Creatures (others)
  A kobold (D:8)
  22 plants (D:5)
  6 withered plants (D:4)
29 creatures vanquished.

Grand Total: 196 creatures vanquished

Notes
Turn   | Place    | Note
-------+----------+-------------------------------------------
     0 | D:1      | qw the Minotaur Fighter began the quest for the Orb.
     0 | D:1      | Reached XP level 1. HP: 19/19 MP: 0/0
     0 | D:1      | 0 ||| qw: Version: 0.1-a-108-g9e35731
     0 | D:1      | 0 ||| qw: Game counter: 6275
     0 | D:1      | 0 ||| qw: Always use a shield: true
     0 | D:1      | 0 ||| qw: God list: Ru
     0 | D:1      | 0 ||| qw: Allow faded altars: false
     0 | D:1      | 0 ||| qw: Do Orc after D:15 true
     0 | D:1      | 0 ||| qw: Do second Lair branch before Depths: true
     0 | D:1      | 0 ||| qw: Lair rune preference: random
     0 | D:1      | 0 ||| qw: Plans: Normal
     0 | D:1      | 0 ||| PLANNING D:1-11
    48 | D:1      | 48 ||| Stepping ~*~*~tactically~*~*~ (stealth).
    49 | D:1      | 49 ||| Stepping ~*~*~tactically~*~*~ (stealth).
    50 | D:1      | 50 ||| Stepping ~*~*~tactically~*~*~ (stealth).
    56 | D:1      | Reached skill level 3 in Axes
    57 | D:1      | Reached XP level 2. HP: 26/26 MP: 1/1
    67 | D:1      | 67 ||| Stepping ~*~*~tactically~*~*~ (hiding).
   216 | D:1      | Reached skill level 4 in Axes
   300 | D:1      | Found a faded altar of an unknown god.
   304 | D:1      | 304 ||| Stepping ~*~*~tactically~*~*~ (stealth).
   385 | D:1      | Reached XP level 3. HP: 20/31 MP: 2/2
   510 | D:1      | 510 ||| Stepping ~*~*~tactically~*~*~ (stealth).
   626 | D:1      | 626 ||| DROPPING +0 club.
   850 | D:1      | 850 ||| UPGRADING to +0 cloak.
   855 | D:1      | 855 ||| DROPPING orb of energy.
   856 | D:1      | 856 ||| READING scroll labelled PEOHOH LY VAFOIP.
   857 | D:1      | 857 ||| READING scroll labelled SORIWN ASMEC.
   858 | D:1      | 858 ||| DRINKING 3 fuming brown potions.
  1066 | D:2      | Reached skill level 5 in Axes
  1101 | D:2      | 1101 ||| Stepping ~*~*~tactically~*~*~ (stealth).
  1149 | D:2      | Reached skill level 1 in Dodging
  1149 | D:2      | Reached XP level 4. HP: 39/39 MP: 3/3
  1194 | D:2      | 1194 ||| FLEEEEING.
  1195 | D:2      | 1195 ||| FLEEEEING.
  1196 | D:2      | 1196 ||| FLEEEEING.
  1197 | D:2      | 1197 ||| FLEEEEING.
  1519 | D:2      | 1519 ||| Stepping ~*~*~tactically~*~*~ (stealth).
  1520 | D:2      | 1520 ||| Stepping ~*~*~tactically~*~*~ (stealth).
  1550 | D:2      | Noticed Jessica
  1551 | D:2      | 1551 ||| Stepping ~*~*~tactically~*~*~ (hiding).
  1556 | D:2      | 1556 ||| Stepping ~*~*~tactically~*~*~ (hiding).
  1564 | D:2      | Killed Jessica
  1797 | D:2      | Noticed Robin
  1805 | D:2      | Reached skill level 6 in Axes
  1806 | D:2      | Killed Robin
  1807 | D:2      | Reached XP level 5. HP: 30/45 MP: 4/4
  2026 | D:2      | Found a runed translucent door.
  2027 | D:2      | Noticed Crazy Yiuf
  2493 | D:2      | 2493 ||| UPGRADING to +0 chain mail.
  2503 | D:2      | 2503 ||| DROPPING +0 scale mail.
  2504 | D:2      | 2504 ||| UPGRADING to ring of positive energy.
  2505 | D:2      | 2505 ||| READING scroll labelled IMNEMN SEGREBB.
  2506 | D:2      | 2506 ||| READING scroll labelled WOLUSU NUOC.
  2578 | D:2      | 2578 ||| READING scroll labelled FUUCOABLUUC.
  2579 | D:2      | 2579 ||| READING scroll labelled YPNEFA QUMEID.
  2580 | D:2      | 2580 ||| READING scroll labelled ONWIWNAOFI.
  2581 | D:2      | 2581 ||| DRINKING 2 metallic red potions.
  2582 | D:2      | 2582 ||| DRINKING 2 bubbling clear potions.
  2583 | D:2      | 2583 ||| DROPPING potion of brilliance.
  2665 | D:3      | 2665 ||| STAIRDANCE
  2828 | D:3      | 2828 ||| STAIRDANCE
  3013 | D:3      | 3013 ||| READING scroll of enchant weapon.
  3013 | D:3      | 3013 ||| ENCHANTING +1 war axe.
  3028 | D:3      | 3028 ||| Stepping ~*~*~tactically~*~*~ (hiding).
  3030 | D:3      | 3030 ||| Stepping ~*~*~tactically~*~*~ (hiding).
  3040 | D:3      | Reached skill level 7 in Axes
  3046 | D:3      | 3046 ||| FLEEEEING.
  3047 | D:3      | 3047 ||| FLEEEEING.
  3048 | D:3      | 3048 ||| FLEEEEING.
  3050 | D:3      | 3050 ||| FLEEEEING.
  3051 | D:3      | 3051 ||| FLEEEEING.
  3052 | D:3      | 3052 ||| FLEEEEING.
  3053 | D:3      | 3053 ||| FLEEEEING.
  3054 | D:3      | 3054 ||| FLEEEEING.
  3055 | D:3      | 3055 ||| FLEEEEING.
  3056 | D:3      | 3056 ||| FLEEEEING.
  3057 | D:3      | 3057 ||| FLEEEEING.
  3058 | D:3      | 3058 ||| FLEEEEING.
  3059 | D:3      | 3059 ||| FLEEEEING.
  3060 | D:3      | 3060 ||| FLEEEEING.
  3061 | D:3      | 3061 ||| FLEEEEING.
  3062 | D:3      | 3062 ||| FLEEEEING.
  3063 | D:3      | 3063 ||| FLEEEEING.
  3064 | D:3      | 3064 ||| STAIRDANCE
  3360 | D:3      | Noticed Natasha
  3364 | D:3      | Killed Natasha
  3398 | D:3      | 3398 ||| Stepping ~*~*~tactically~*~*~ (stealth).
  3402 | D:3      | Noticed Natasha
  3403 | D:3      | 3403 ||| Stepping ~*~*~tactically~*~*~ (hiding).
  3412 | D:3      | Killed Natasha
  3413 | D:3      | Reached XP level 6. HP: 37/52 MP: 5/5
  3472 | D:3      | Noticed Natasha
  3473 | D:3      | 3473 ||| Stepping ~*~*~tactically~*~*~ (stealth).
  3701 | D:3      | 3701 ||| Stepping ~*~*~tactically~*~*~ (stealth).
  3702 | D:3      | 3702 ||| Stepping ~*~*~tactically~*~*~ (stealth).
  3703 | D:3      | 3703 ||| Stepping ~*~*~tactically~*~*~ (stealth).
  3769 | D:3      | 3769 ||| Stepping ~*~*~tactically~*~*~ (stealth).
  3772 | D:3      | Reached skill level 8 in Axes
  3806 | D:4      | 3806 ||| Stepping ~*~*~tactically~*~*~ (hiding).
  3807 | D:4      | 3807 ||| Stepping ~*~*~tactically~*~*~ (hiding).
  3814 | D:4      | 3814 ||| Stepping ~*~*~tactically~*~*~ (stealth).
  3840 | D:4      | 3840 ||| Stepping ~*~*~tactically~*~*~ (stealth).
  3844 | D:4      | 3844 ||| Stepping ~*~*~tactically~*~*~ (hiding).
  3846 | D:4      | 3846 ||| Stepping ~*~*~tactically~*~*~ (hiding).
  3847 | D:4      | 3847 ||| Stepping ~*~*~tactically~*~*~ (hiding).
  3898 | D:4      | 3898 ||| DROPPING +0 whip.
  3996 | D:4      | Reached skill level 9 in Axes
  3996 | D:4      | Reached XP level 7. HP: 56/59 MP: 6/6
  4097 | D:4      | 4097 ||| Stepping ~*~*~tactically~*~*~ (hiding).
  4100 | D:4      | 4100 ||| Stepping ~*~*~tactically~*~*~ (stealth).
  4131 | D:4      | 4131 ||| DRINKING 5 potions of curing.
  4131 | D:4      | 4131 ||| (to cure poison)
  4134 | D:4      | 4134 ||| DRINKING 4 potions of curing.
  4134 | D:4      | 4134 ||| (to cure poison)
  4135 | D:4      | 4135 ||| DRINKING 3 potions of curing.
  4135 | D:4      | 4135 ||| (to cure confusion)
  4141 | D:4      | 4141 ||| DRINKING 2 potions of curing.
  4141 | D:4      | 4141 ||| (to cure poison)
  4144 | D:4      | 4144 ||| DRINKING potion of curing.
  4144 | D:4      | 4144 ||| (to cure poison)
  4149 | D:4      | HP: 14/61 [poisoned by an orc wizard]
  4154 | D:4      | HP: 9/61 [poisoned by an orc wizard]
  4270 | D:4      | 4270 ||| FLEEEEING.
  4272 | D:4      | 4272 ||| STAIRDANCE
  4294 | D:3      | Killed Natasha
  4437 | D:4      | 4437 ||| Stepping ~*~*~tactically~*~*~ (stealth).
  4438 | D:4      | 4438 ||| Stepping ~*~*~tactically~*~*~ (stealth).
  4503 | D:4      | 4503 ||| Stepping ~*~*~tactically~*~*~ (stealth).
  4506 | D:4      | 4506 ||| Stepping ~*~*~tactically~*~*~ (stealth).
  4533 | D:4      | Found a sparkling altar of Nemelex Xobeh.
  4722 | D:4      | 4722 ||| UPGRADING to +0 plate armour.
  4732 | D:4      | 4732 ||| DROPPING +0 chain mail.
  4733 | D:4      | 4733 ||| UPGRADING to amulet of guardian spirit.
  4738 | D:4      | 4738 ||| READING 2 scrolls of identify.
  4738 | D:4      | 4738 ||| IDENTIFYING grey potion
  4739 | D:4      | 4739 ||| DROPPING potion of magic.
  4752 | D:5      | Entered Level 5 of the Dungeon
  4871 | D:5      | Reached skill level 10 in Axes
  4881 | D:5      | 4881 ||| Stepping ~*~*~tactically~*~*~ (hiding).
  4907 | D:5      | 4907 ||| Stepping ~*~*~tactically~*~*~ (stealth).
  4908 | D:5      | 4908 ||| Stepping ~*~*~tactically~*~*~ (stealth).
  4915 | D:5      | Reached skill level 1 in Throwing
  4939 | D:5      | Reached XP level 8. HP: 56/70 MP: 5/7
  5011 | D:5      | Found an opulent altar of Gozag.
  5020 | D:5      | 5020 ||| READING scroll of enchant weapon.
  5020 | D:5      | 5020 ||| ENCHANTING +2 war axe.
  5045 | D:5      | Reached skill level 6 in Fighting
  5373 | D:5      | Found a glowing silver altar of Zin.
  5548 | D:5      | 5548 ||| Stepping ~*~*~tactically~*~*~ (stealth).
  5662 | D:5      | 5662 ||| UPGRADING to ring of positive energy.
  5663 | D:5      | 5663 ||| READING scroll labelled BOUCKOLUEK.
  5664 | D:5      | 5664 ||| READING 2 scrolls of identify.
  5664 | D:5      | 5664 ||| IDENTIFYING smoky black potion
  5665 | D:5      | 5665 ||| DROPPING potion of lignification.
  5762 | D:6      | 5762 ||| Stepping ~*~*~tactically~*~*~ (hiding).
  5763 | D:6      | 5763 ||| Stepping ~*~*~tactically~*~*~ (hiding).
  5996 | D:6      | Reached skill level 11 in Axes
  6108 | D:6      | 6108 ||| Stepping ~*~*~tactically~*~*~ (hiding).
  6152 | D:6      | Found a staircase to the Ecumenical Temple.
  6153 | D:6      | 6153 ||| PLANNING TEMPLE
  6153 | D:6      | 6153 ||| READING 2 scrolls of identify.
  6153 | D:6      | 6153 ||| IDENTIFYING coppery potion
  6154 | D:6      | 6154 ||| DROPPING potion of attraction.
  6161 | Temple   | Entered the Ecumenical Temple
  6257 | Temple   | Became a worshipper of Ru the Awakened
  6389 | Temple   | 6389 ||| PLANNING D:1-11
  6823 | D:6      | Noticed Eustachio
  6844 | D:6      | Killed Eustachio
  7028 | D:6      | 7028 ||| READING scroll labelled DITOIMMA GOKH.
  7216 | D:7      | Identified the +0 leather armour of Vehumet, Hammering
                  | {Harm rC+ Int+3 Slay-5}
  7321 | D:7      | Reached XP level 9. HP: 68/75 MP: 6/8
  7358 | D:7      | 7358 ||| Stepping ~*~*~tactically~*~*~ (stealth).
  7360 | D:7      | 7360 ||| Stepping ~*~*~tactically~*~*~ (hiding).
  7430 | D:7      | Found an ancient bone altar of Kikubaaqudgha.
  7614 | D:7      | Reached skill level 12 in Axes
  7825 | D:7      | 7825 ||| DROPPING +2 whip of electrocution.
  7922 | D:7      | 7922 ||| INVOKING Sacrifice Nimbleness.
  7922 | D:7      | Gained mutation: You cannot train Dodging skill. [Ru
                  | sacrifice]
  7922 | D:7      | Reached * piety under Ru
  8018 | D:7      | 8018 ||| UPGRADING to +2 tower shield.
  8028 | D:7      | 8028 ||| DROPPING +0 buckler.
  8029 | D:7      | 8029 ||| DRINKING 3 lumpy emerald potions.
  8030 | D:7      | 8030 ||| DROPPING 2 potions of degeneration.
  8069 | D:8      | Noticed a death yak
  8073 | D:8      | Noticed a death yak
  8074 | D:8      | Noticed a death yak
  8075 | D:8      | Noticed a death yak
  8076 | D:8      | Noticed a death yak
  8081 | D:8      | Killed a death yak
  8091 | D:8      | HP: 12/78 [death yak (9)]
  8092 | D:8      | 8092 ||| READING 5 scrolls of teleportation.
  8093 | D:8      | 8093 ||| DRINKING potion of heal wounds.
  8093 | D:8      | HP: 4/78 [death yak (20)]
  8094 | D:8      | Slain by a death yak

Levels and vault maps discovered:
D:1:      onia_arrival_pentagram, layout_basic,
          hellmonk_ecumenical_altar_crossroads, lemuel_old_faithful
D:2:      layout_basic, grunt_ministairs_4, minmay_split_cup_large,
          uniq_jessica, uniq_robin, uniq_crazy_yiuf_cottage
D:3:      layout_rooms, kennysheep_generic_room_14, uniq_natasha
D:4:      layout_basic, lemuel_tele_altar, serial_undead, serial_undead_c,
          serial_undead_b, serial_undead_a, serial_undead_d
D:5:      wad_woods_stonehenge, layout_loops_cross, zin_scriptorium
D:6:      layout_gridville, minmay_temple_entry_hall, uniq_eustachio
D:7:      layout_basic, nicolae_overflow_crystal_walls, serial_rivers,
          chequers_serial_rivers_micro_e, chequers_serial_rivers_micro_b,
          chequers_serial_rivers_micro_c, chequers_serial_rivers_micro_a
D:8:      minmay_the_grid_square_5x5_3x3 [minmay_the_grid_square_5x5_one_wall,
          minmay_the_grid_square_5x5_three_small,
          minmay_the_grid_square_5x5_almost_minimal,
          minmay_the_grid_square_5x5_tie,
          minmay_the_grid_square_5x5_megaprize_crossed,
          minmay_the_grid_square_5x5_minimal,
          minmay_the_grid_square_5x5_percent, minmay_the_grid_square_5x5_z,
          minmay_the_grid_square_5x5_bridge], layout_basic,
          kennysheep_mini_moat, dpeg_lair_monsters, serial_shops,
          nicolae_shop_hallway_plus
Temple:   minmay_temple_bridge_d

Skill      XL: |  1  2  3  4  5  6  7  8  9 |
---------------+----------------------------+-----
Axes           | 3 4 5 6 7 9 10 11 12 | 12.0
Dodging        | 1 2 0 |  0.0
Fighting       | 4 5 6 |  6.4
Armour         | 4 5 |  5.1
Throwing       | 1 |  1.0
Shields        | 5 7 |  7.7

Action                   |  1- 3 |  4- 6 |  7- 9 || total
-------------------------+-------+-------+-------++-------
Melee: War axe           |   103 |   133 |   209 ||   445
       Headbutt          |    10 |    16 |    37 ||    63
Throw: Boomerang         |       |     5 |    34 ||    39
Invok: Sacrifice Nimblen |       |       |     1 ||     1
  Use: Scroll            |     2 |     6 |     7 ||    15
       Potion            |     1 |     2 |     7 ||    10
Armor: Scale mail        |    41 |    26 |       ||    67
       Chain mail        |       |    41 |    29 ||    70
       Plate armour      |       |       |    61 ||    61
Dodge: Dodged            |    47 |    38 |    37 ||   122
Block: Buckler           |    18 |    23 |    29 ||    70
       Tower shield      |       |       |     9 ||     9

Table legend:
 A = Non-vault XP
 B = Vault XP
 C = Vault XP percentage of total XP
 D = Non-vault monster count
 E = Vault monster count
 F = Vault count percentage of total count
                 A         B        C        D         E       F
            +---------+---------+-------+---------+---------+-------
      Total |    2273 |    1634 |  41.8 |     131 |      36 |  21.6
            +---------+---------+-------+---------+---------+-------
        D:1 |      62 |       0 |   0.0 |      34 |       0 |   0.0
        D:2 |      53 |      91 |  63.2 |      21 |      15 |  41.7
        D:3 |     368 |      37 |   9.1 |      24 |       2 |   7.7
        D:4 |     246 |     335 |  57.7 |      17 |      11 |  39.3
        D:5 |     265 |     153 |  36.6 |      11 |       6 |  35.3
        D:6 |     660 |     197 |  23.0 |      15 |       1 |   6.2
        D:7 |     619 |       0 |   0.0 |       9 |       0 |   0.0
        D:8 |       0 |     821 | 100.0 |       0 |       1 | 100.0
            +---------+---------+-------+---------+---------+-------
